 Dungeon Crawl Stone Soup version 0.31-a0-152-g6aa68a64a1 (webtiles) character file.

Game seed: 10300817851556031907

3276 MacCMillion the Frost Mage (level 10, -1/74 HPs)
             Began as a Gnoll Ice Elementalist on June 10, 2023.
             Slain by a polar bear (22 damage)
             ... on level 8 of the Dungeon.
             The game lasted 00:19:55 (7812 turns).

MacCMillion the Frost Mage (Gnoll Ice Elementalist) Turns: 7812, Time: 00:19:55

Health: -1/74      AC: 10    Str: 11    XL:     10   Next: 0%
Magic:  15/20      EV: 14    Int: 18    God:
Gold:   261        SH:  0    Dex: 12    Spells: 12/23 levels left

rFire   . . .        j - +9 sling "Quxefravoil" {freeze, Str+2 Stlth+}
rCold   . . .        (no shield)
rNeg    . . .        a - +0 robe
rPois   .            (no helmet)
rElec   .            (no cloak)
rCorr   .            (no gloves)
SInv    .            (no boots)
Will    .....        (no amulet)
Stlth   ++++         (no ring)
HPRegen 0.32/turn    (no ring)
MPRegen 0.17/turn

%: no passive effects
@: ice-armoured, freezing walls
A: fangs 1, strong nose, distributed training
a: no special abilities


You were on level 8 of the Dungeon.
You visited 1 branch of the dungeon, and saw 8 of its levels.
You also visited: Sewer.

You collected 316 gold pieces.
You spent 55 gold pieces at shops.

Inventory:

Hand Weapons
 d - a +0 short sword
 e - a +1 short sword of venom
 j - the +9 sling "Quxefravoil" (weapon) {freeze, Str+2 Stlth+}
   (You found it on level 2 of the Dungeon)

   Str:       It affects your strength (+2).
   Stlth:     It makes you more stealthy.
Missiles
 g - 2 throwing nets
Armour
 a - a +0 robe (worn)
Jewellery
 E - a ring of protection from cold
Wands
 m - a wand of acid (6)
 A - a wand of flame (10)
 B - a wand of paralysis (8)
Scrolls
 c - 2 scrolls of butterflies
 f - a scroll of amnesia
 h - a scroll of silence
 i - 2 scrolls of blinking
 l - a scroll of magic mapping
 s - 2 scrolls of identify
 v - 3 scrolls of fog
 x - a scroll of brand weapon
 y - a scroll of enchant armour {unknown}
 C - a scroll of torment {unknown}
 D - a scroll of enchant weapon {unknown}
Potions
 b - 2 potions of magic
 k - a potion of haste {unknown}
 n - a potion of berserk rage {unknown}
 o - a potion of degeneration {unknown}
 p - 3 potions of curing
 q - a potion of attraction {unknown}
 r - 2 potions of heal wounds
 t - a potion of might {unknown}
 u - a potion of cancellation {unknown}
 w - a potion of brilliance {unknown}
 z - a potion of invisibility {unknown}


   Skills:
 + Level 5.0 Fighting
 + Level 5.0 Short Blades
 + Level 5.0 Long Blades
 + Level 5.0 Axes
 + Level 5.0 Maces & Flails
 + Level 5.0 Polearms
 + Level 5.0 Staves
 + Level 5.0 Ranged Weapons
 + Level 5.0 Throwing
 + Level 5.0 Armour
 + Level 6.8 Dodging
 + Level 6.6 Stealth
 + Level 5.0 Shields
 + Level 5.0 Unarmed Combat
 + Level 7.1 Spellcasting
 + Level 4.1 Conjurations
 + Level 4.1 Hexes
 + Level 4.1 Summonings
 + Level 4.1 Necromancy
 + Level 4.1 Translocations
 + Level 4.1 Transmutations
 + Level 4.1 Fire Magic
 + Level 8.3 Ice Magic
 + Level 4.1 Air Magic
 + Level 4.1 Earth Magic
 + Level 4.1 Poison Magic
 + Level 5.4 Invocations
 + Level 5.0 Evocations


You had 12 spell levels left.
You knew the following spells:

 Your Spells              Type           Power      Damage    Failure   Level
a - Freeze                Ice            100%       1d10      1%          1
b - Frozen Ramparts       Ice            72%        1d11      1%          3
c - Ozocubu's Armour      Ice            36%        N/A       1%          3
d - Summon Ice Beast      Ice/Summ       28%        N/A       9%          4

Your spell library contained the following spells:

 Spells                   Type           Power      Damage    Failure   Level
 Shock                    Conj/Air       84%        1d8       1%          1
 Cigotuvi's Dreadful Rot  Necr/Pois/Air  42%        N/A       3%          2
 Swiftness                Air            21%        N/A       6%          3
 Airstrike                Air            10%        2d(2-18)  19%         4
 Dispel Undead            Necr           21%        3d11      19%         4
 Death Channel            Necr           10%        N/A       96%         6


Dungeon Overview and Level Annotations

Branches:
Dungeon (8/15)              Sewer (visited)
 Temple: D:4-7         Lair: D:8-11

Altars:
Wu Jian

Shops:
D:3 (   D:6 (   D:7 !

Annotations:
D:5 Grinder


Innate Abilities, Weirdness & Mutations

You have very sharp teeth.
Your uncanny sense of smell can sniff out nearby items.
Your experience applies equally to all skills.


Message History

The polar bear barely misses you.
Casting: Frozen Ramparts (safe; 1% risk of failure)
Confirm with . or Enter, or press ? or * to list all spells.
Casting: Frozen Ramparts (safe; 1% risk of failure)
Press: ? - help, Dir - look around, f - activate The walls around you are covered in ice.
The wall freezes the polar bear but does no damage.
The polar bear misses you. x2; The polar bear claws you.
You shoot a sling bullet.
The sling bullet closely misses the polar bear.
The polar bear resists.
The wall freezes the polar bear.
The polar bear closely misses you.
The polar bear claws you but does no damage.
The polar bear claws you.
You shoot a sling bullet. The sling bullet hits the polar bear!
The polar bear is severely wounded.
The polar bear resists.
The wall freezes the polar bear.
The polar bear goes berserk!
You shoot a sling bullet.
The sling bullet hits the polar bear but does no damage.
The polar bear is severely wounded.
The polar bear resists.
The wall freezes the polar bear.
The polar bear closely misses you. The polar bear claws you. x2
The polar bear resists.
The wall freezes the polar bear.
The polar bear bites you!! The polar bear misses you.
The polar bear completely misses you.
You shoot a sling bullet. The sling bullet hits the polar bear.
The polar bear is severely wounded.
The wall freezes the polar bear but does no damage.
The polar bear closely misses you. The polar bear claws you.
The polar bear closely misses you.
The polar bear resists.
The wall freezes the polar bear.
The polar bear bites you! The polar bear closely misses you.
The polar bear claws you.
* * * LOW HITPOINT WARNING * * *
Casting: Frozen Ramparts (safe; 1% risk of failure)
Confirm with . or Enter, or press ? or * to list all spells.
A film of ice covers your body!
The wall freezes the polar bear but does no damage.
The polar bear bites you!!
You die...

.#########.#####,,,,,,,,,~,,,*
.$.....###Y# **,,,,~,~~~~,,,*
.....hY....###*,,,.,,~~~~~~,,*
.......###...#*,,..,,~~~~~~,,*
.####### #.#.#*,...,∆~≈~~~,,,*
.# #.#.##..,,,,.~~~,,,,* .#
#.....,***,.....,~,**
.#******####†######$.....,,,*
.,,,,,,,#.......@h...#*,***,*
,******,#<##.##.##.###*,* *,*
** *,#.##.##.#*.#,,,,***,*
*,#.##....#*.#,,,,,,,,*
*,#.##.##.#*.#,,,******
*******,#.##.##..,..,,**
,,,,,,,,.........,.#***
*,,****,#.#######*##
,,,,,,,,...,,*


You could see a polar bear (berserk).

Vanquished Creatures
  5 yaks (D:8)
  A wyvern (D:7)
  Eustachio (D:5)
  A water moccasin (D:7)
  2 black bears
  An ice beast (D:8)
  A sky beast (D:6)
  Duvessa (D:5)
  A wolf (D:8)
  2 centaurs
  A phantom (D:4)
  5 kobold brigands (Sewer)
  A scorpion (D:4)
  3 wights (D:7)
  Dowan (D:5)
  A howler monkey (D:5)
  3 jellies
  2 hounds (D:6)
  2 orc priests
  A gnoll bouda (D:7)
  A sleepcap (D:7)
  An iguana (D:6)
  An orc wizard (D:3)
  A killer bee simulacrum (D:8)
  14 gnolls
  12 adders
  2 river rats
  2 white imps (D:8)
  2 ufetubi
  7 worms
  2 dart slugs (D:1)
  22 orcs
  13 ball pythons
  8 endoplasms
  2 giant cockroaches
  9 goblins
  4 hobgoblins
  6 jackals
  10 quokkas
  6 bats
  A frilled lizard (D:3)
  10 kobolds
  7 rats
179 creatures vanquished.

Notes
Turn   | Place    | Note
-------+----------+-------------------------------------------
     0 | D:1      | MacCMillion the Gnoll Ice Elementalist began the quest for
                  | the Orb.
     0 | D:1      | Reached XP level 1. HP: 13/13 MP: 6/6
   300 | D:1      | Reached XP level 2. HP: 19/19 MP: 3/7
   713 | D:1      | Found a faded altar of an unknown god.
  1032 | D:1      | Reached skill level 5 in Spellcasting
  1032 | D:1      | Reached XP level 3. HP: 25/25 MP: 7/9
  1174 | D:2      | Learned a level 3 spell: Frozen Ramparts
  1178 | D:2      | Learned a level 3 spell: Ozocubu's Armour
  1291 | D:2      | Identified the +9 sling "Quxefravoil" {freeze, Str+2
                  | Stlth+}
  1307 | D:2      | Reached skill level 1 in Invocations
  1616 | D:2      | Reached skill level 1 in Fighting
  1616 | D:2      | Reached skill level 1 in Short Blades
  1616 | D:2      | Reached skill level 1 in Long Blades
  1616 | D:2      | Reached skill level 1 in Axes
  1616 | D:2      | Reached skill level 1 in Maces & Flails
  1616 | D:2      | Reached skill level 1 in Polearms
  1616 | D:2      | Reached skill level 1 in Staves
  1616 | D:2      | Reached skill level 1 in Ranged Weapons
  1616 | D:2      | Reached skill level 1 in Throwing
  1616 | D:2      | Reached skill level 1 in Armour
  1616 | D:2      | Reached skill level 1 in Shields
  1616 | D:2      | Reached skill level 1 in Unarmed Combat
  1616 | D:2      | Reached skill level 1 in Evocations
  1678 | D:2      | Reached XP level 4. HP: 32/32 MP: 11/11
  1972 | D:2      | Reached skill level 1 in Conjurations
  1972 | D:2      | Reached skill level 1 in Hexes
  1972 | D:2      | Reached skill level 1 in Summonings
  1972 | D:2      | Reached skill level 1 in Necromancy
  1972 | D:2      | Reached skill level 1 in Translocations
  1972 | D:2      | Reached skill level 1 in Transmutations
  1972 | D:2      | Reached skill level 1 in Fire Magic
  1972 | D:2      | Reached skill level 1 in Air Magic
  1972 | D:2      | Reached skill level 1 in Earth Magic
  1972 | D:2      | Reached skill level 1 in Poison Magic
  2336 | D:3      | Found Refure Doann's Antique Weapon Shoppe.
  2607 | D:3      | Reached XP level 5. HP: 37/37 MP: 8/12
  2976 | D:4      | Noticed a phantom
  2990 | D:4      | Killed a phantom
  2991 | D:4      | Reached skill level 5 in Dodging
  2991 | D:4      | Reached XP level 6. HP: 41/44 MP: 10/14
  3251 | D:4      | Found an ornate altar of the Wu Jian Council.
  3539 | D:5      | Entered Level 5 of the Dungeon
  3545 | D:5      | Noticed Grinder
  3578 | D:5      | Noticed Duvessa
  3579 | D:5      | Noticed Dowan
  3587 | D:5      | Killed Duvessa
  3588 | D:5      | Reached XP level 7. HP: 32/51 MP: 7/15
  3591 | D:5      | Killed Dowan
  3705 | D:5      | Noticed Eustachio
  4027 | D:5      | Killed Eustachio
  4028 | D:5      | Reached skill level 5 in Stealth
  4189 | D:5      | You fall into a shaft and drop 3 floors!
  4314 | D:8      | Noticed a yak
  4325 | D:8      | Killed a yak
  4326 | D:8      | Reached XP level 8. HP: 57/58 MP: 9/16
  4332 | D:8      | Noticed a yak
  4332 | D:8      | Noticed a yak
  4332 | D:8      | Noticed a yak
  4341 | D:8      | Noticed a yak
  4344 | D:8      | Killed a yak
  4351 | D:8      | Killed a yak
  4352 | D:8      | Killed a yak
  4352 | D:8      | Noticed a polar bear
  4607 | D:7      | Reached XP level 9. HP: 39/65 MP: 15/18
  4697 | D:7      | Learned a level 4 spell: Summon Ice Beast
  4739 | D:7      | Found Seufiril's Distillery.
  4773 | D:7      | Bought a potion of heal wounds for 55 gold pieces
  4860 | D:7      | Reached skill level 8 in Ice Magic
  4952 | D:7      | Found the +5 robe of Misfortune {Harm *Corrode *Slow EV+5}
  5307 | D:6      | Found Inuogoh's Antique Weapon Shop.
  5504 | D:6      | Found a glowing drain.
  5508 | Sewer    | Entered a sewer
  6365 | D:6      | Reached skill level 5 in Invocations
  7731 | D:8      | Reached skill level 5 in Fighting
  7731 | D:8      | Reached skill level 5 in Short Blades
  7731 | D:8      | Reached skill level 5 in Long Blades
  7731 | D:8      | Reached skill level 5 in Axes
  7731 | D:8      | Reached skill level 5 in Maces & Flails
  7731 | D:8      | Reached skill level 5 in Polearms
  7731 | D:8      | Reached skill level 5 in Staves
  7731 | D:8      | Reached skill level 5 in Ranged Weapons
  7731 | D:8      | Reached skill level 5 in Throwing
  7731 | D:8      | Reached skill level 5 in Armour
  7731 | D:8      | Reached skill level 5 in Shields
  7731 | D:8      | Reached skill level 5 in Unarmed Combat
  7731 | D:8      | Reached skill level 5 in Evocations
  7731 | D:8      | Reached XP level 10. HP: 61/74 MP: 16/20
  7812 | D:8      | Slain by a polar bear

Illustrated notes

Levels and vault maps discovered:
D:1:      amcnicky_arrival_feature_with_door, layout_loops_ring,
          dilly_ecumenical_altar_fadedgnrine, serial_bayou_lagoon_a,
          minmay_misc_feat_rows
D:2:      layout_basic, nicolae_the_louvre
D:3:      layout_rooms, serial_shops, nicolae_square_shop, minmay_ruptured
D:4:      layout_basic, nzn_wu_jian_contemplation, serial_rivers,
          chequers_serial_rivers_micro_b, chequers_serial_rivers_room_a,
          chequers_serial_rivers_small_3, chequers_serial_rivers_micro_b,
          chequers_serial_rivers_room_b, chequers_serial_rivers_micro_c
D:5:      layout_gridville, minmay_temple_entry_fiery, uniq_menkaure,
          uniq_duvessa, uniq_prince_ribbit1, uniq_eustachio, uniq_grinder
D:6:      layout_basic, serial_shops, shop, gup_sewer_entry_spiral,
          hangedman_decor_growths
D:7:      layout_loops_ring, serial_shops, shop
D:8:      layout_loops_cross, serial_ice, serial_ice_f, serial_ice_l,
          serial_ice_a, serial_ice_h

Skill      XL: |  1  2  3  4  5  6  7  8  9 |
---------------+----------------------------+-----
Spellcasting   | 5 6 7 |  7.1
Invocations    | 1 2 3 4 5 |  5.4
Fighting       | 1 2 3 5 |  5.0
Short Blades   | 1 2 3 5 |  5.0
Long Blades    | 1 2 3 5 |  5.0
Axes           | 1 2 3 5 |  5.0
Maces & Flails | 1 2 3 5 |  5.0
Polearms       | 1 2 3 5 |  5.0
Staves         | 1 2 3 5 |  5.0
Ranged Weapons | 1 2 3 5 |  5.0
Throwing       | 1 2 3 5 |  5.0
Armour         | 1 2 3 5 |  5.0
Shields        | 1 2 3 5 |  5.0
Unarmed Combat | 1 2 3 5 |  5.0
Evocations     | 1 2 3 5 |  5.0
Conjurations   | 1 2 3 4 |  4.1
Hexes          | 1 2 3 4 |  4.1
Summonings     | 1 2 3 4 |  4.1
Necromancy     | 1 2 3 4 |  4.1
Translocations | 1 2 3 4 |  4.1
Transmutations | 1 2 3 4 |  4.1
Fire Magic     | 1 2 3 4 |  4.1
Air Magic      | 1 2 3 4 |  4.1
Earth Magic    | 1 2 3 4 |  4.1
Poison Magic   | 1 2 3 4 |  4.1
Dodging        | 5 6 |  6.8
Stealth        | 5 6 |  6.6
Ice Magic      | 8 |  8.3

Action                     |  1- 3 |  4- 6 |  7- 9 | 10-12 || total
---------------------------+-------+-------+-------+-------++-------
  Melee: Short sword       |    14 |     1 |       |       ||    15
   Fire: Sling             |    26 |    91 |   207 |    12 ||   336
   Cast: Freeze            |    24 |     2 |     6 |       ||    32
         Frozen Ramparts   |     3 |    18 |    26 |     1 ||    48
         Ozocubu's Armour  |       |     3 |     4 |     1 ||     8
    Use: Scroll            |       |       |    11 |       ||    11
   Stab: Sleeping          |     7 |     1 |       |       ||     8
 Armour: Robe              |     1 |     2 |    16 |     2 ||    21
  Dodge: Dodged            |    22 |    10 |    60 |    13 ||   105

Table legend: (Time is in decaauts)
 A = Elapsed time spent in this place.
 B = Non-inter-level travel time spent in this place.
 C = Inter-level travel time spent in this place.
 D = Time resting spent in this place.
 E = Time spent auto-exploring this place.
 F = Levels seen in this place.
 G = Mean time per level.
                   A        B        C        D        E       F      G
               +--------+--------+--------+--------+--------+-----+--------+
         Total |   8102 |   7838 |    264 |   1368 |   4977 |   9 |  900.2 |
       Dungeon |   7195 |   6931 |    264 |   1308 |   4289 |   8 |  899.4 |
         Sewer |    906 |    906 |      0 |     60 |    688 |   1 |  906.0 |
               +--------+--------+--------+--------+--------+-----+--------+

Top non-repeatable levels by time:
     D:7: 1373 daAuts
     D:6: 1316 daAuts
     D:1: 1116 daAuts
     D:2: 1049 daAuts
     D:4: 1038 daAuts
   Sewer: 906 daAuts
     D:3: 713 daAuts
     D:5: 325 daAuts
     D:8: 262 daAuts
